 Dungeon Sprint DCSS version 0.30-a0-534-gdc55766716 (webtiles) character file.

Game seed: 9422304727308689708

76 rocky1 the Cudgeller (level 4, -7/39 HPs)
             Began as a Demonspawn Fighter on Dec 25, 2022.
             Mangled by a water elemental (17 damage)
             ... in the Dungeon (Sprint III: "The Ten Rune Challenge").
             The game lasted 00:01:30 (306 turns).

rocky1 the Cudgeller (Demonspawn Fighter)            Turns: 306, Time: 00:01:31

Health: -7/39      AC:  9    Str: 18    XL:     4   Next: 12%
Magic:  4/4        EV: 11    Int: 10    God:
Gold:   0          SH:  5    Dex: 12    Spells: 3/3 levels left

rFire   . . .      SeeInvis .    a - +0 flail
rCold   . . .      Faith    .    c - +0 buckler
rNeg    . . .      Spirit   .    b - +0 scale mail
rPois   +          Reflect  .    (helmet restricted)
rElec   .          Harm     .    i - +2 cloak {rPois}
rCorr   .          Rampage  .    (no gloves)
Will    .....      NoTele   +    (no boots) Stlth
                                 (no amulet)
HPRegen 0.26/turn                (no ring)
MPRegen 0.09/turn                (no ring)

@: mighty, engulfed (cannot breathe)
A: horns 1, repulsion field 1
a: no special abilities


You were in the Dungeon.
You visited 1 branch

Inventory:

Hand Weapons
 a - a +0 flail (weapon)
Missiles
 n - 2 atropa-tipped darts (quivered)
Armour
 b - a +0 scale mail (worn)
 c - a +0 buckler (worn)
 i - a +2 cloak of poison resistance (worn)
Wands
 l - a wand of digging (2)
Scrolls
 j - a scroll of blinking
Potions
 e - a potion of curing
 f - a potion of heal wounds
 g - a potion of haste
 h - 2 potions of magic
 k - a potion of brilliance {unknown}
 m - a potion of lignification {unknown}


   Skills:
 + Level 5.0 Fighting
 * Level 5.4 Maces & Flails
 - Level 2.6 Armour
 + Level 4.5 Shields


You had 3 spell levels left.
You didn't know any spells.
Your spell library was empty.

Dungeon Overview and Level Annotations

Branches:
Dungeon (1/1)

Altars:


Innate Abilities, Weirdness & Mutations

You have a pair of small horns on your head.
You are surrounded by a mild repulsion field. (EV +2)


Message History

The human barely misses you.
You hit the human.
The human is severely wounded.
The human barely misses you.
You thump the human!
The human is almost dead.
The human closely misses you.
You closely miss the human.
The human is almost dead.
The human is no longer blind.
The human barely misses you.
You sock the human!
You kill the human!
Your Fighting skill increases to level 5!
You have reached level 4!
You feel clever.
Your demonic ancestry asserts itself...
A pair of horns grows on your head!
Unknown command.
You start waiting.
Done waiting.
You see here a human corpse.
You open the door.
A water elemental comes into view.
You feel very mighty all of a sudden.
You sock the water elemental! You headbutt the water elemental.
The water elemental is moderately damaged.
The water elemental hits you!
You sock the water elemental!
The water elemental is severely damaged.
The water elemental hits you.
You hit the water elemental.
The water elemental is almost destroyed.
The water elemental hits you!
The water elemental engulfs you in water!
The water elemental hits you.
You hit the water elemental but do no damage.
The water elemental is almost destroyed.
* * * LOW HITPOINT WARNING * * *
Your lungs strain for air!
The water elemental hits you!
You die...

▓▓▓ ▓▓ ▓ ▓▓▓ <.# ..♣.♣
♣.# ..# ...♣♣ ♣♣.#
#'####...... ♣..#
.....#....~♣♣♣♣..# #+#+#
.........~~♣.....#......
.....#..~~~~♣.♣.@E.⌠....
###))#..~≈≈~~~♣..#...###
....†#.~~≈~~~....# ⌠.#
.....#.~≈~~~.....# .#
.....#.~~~.......# #
'#####...........#
..........†......#
▓▓▓▓▓▓▓▓▓▓▓▓▓▓▓▓▓▓


You could see a water elemental.

Vanquished Creatures
  Crazy Yiuf (D)
  Jessica (D)
  A human (D)
  2 endoplasms (D)
  A rat (D)
6 creatures vanquished.

Notes
Turn   | Place    | Note
-------+----------+-------------------------------------------
     0 | D        | rocky1 the Demonspawn Fighter began the quest for the Orb.
     0 | D        | Reached XP level 1. HP: 18/18 MP: 1/1
    80 | D        | Noticed Jessica
    82 | D        | Noticed Crazy Yiuf
    88 | D        | Killed Jessica
    89 | D        | Gained mutation: You are surrounded by a mild repulsion
                  | field. (EV +2) [demonic ancestry]
    89 | D        | Reached XP level 2. HP: 25/25 MP: 2/2
    89 | D        | Reached XP level 3. HP: 30/30 MP: 3/3
    94 | D        | Killed Crazy Yiuf
    95 | D        | Reached skill level 5 in Maces & Flails
   188 | D        | Reached skill level 5 in Fighting
   188 | D        | Gained mutation: You have a pair of small horns on your
                  | head. [demonic ancestry]
   188 | D        | Reached XP level 4. HP: 39/39 MP: 4/4
   301 | D        | Noticed a water elemental
   306 | D        | Mangled by a water elemental

Illustrated notes

Levels and vault maps discovered:
D:        dungeon_sprint_mu [sprint_mu_entry_forest, sprint_mu_temple_rooms,
          sprint_mu_d1_spiders, sprint_mu_d2_genie, sprint_mu_d3_branching,
          sprint_mu_orc_legion, sprint_mu_elf_gauntlet, sprint_mu_hive_nellie,
          sprint_mu_lair_fedhas, sprint_mu_vaults_butterflies,
          sprint_mu_slime_circle, sprint_mu_swamp_cave, sprint_mu_shoals_archi,
          sprint_mu_blade_basic, sprint_mu_crypt_lich, sprint_mu_tomb_spiral,
          sprint_mu_vestibule_basic, sprint_mu_gehenna_hellfire,
          sprint_mu_dis_giant, sprint_mu_tartarus_statrot,
          sprint_mu_cocytus_islands, sprint_mu_zot1]

Skill      XL: |  1  2  3 |
---------------+----------+-----
Maces & Flails | 4 5 |  5.4
Shields        | 3 4 |  4.5
Fighting       | 4 5 |  5.0
Armour         | |  2.6

Action                   |  1- 3 |  4- 6 || total
-------------------------+-------+-------++-------
Melee: Flail             |    30 |     4 ||    34
       Headbutt          |       |     1 ||     1
Throw: Dart              |     2 |       ||     2
  Use: Potion            |     1 |     1 ||     2
 Stab: Invisible         |     1 |       ||     1
Armor: Scale mail        |     9 |     2 ||    11
Dodge: Dodged            |    15 |       ||    15
Block: Buckler           |     6 |       ||     6

Table legend: (Time is in decaauts)
 A = Elapsed time spent in this place.
 B = Non-inter-level travel time spent in this place.
 C = Inter-level travel time spent in this place.
 D = Time resting spent in this place.
 E = Time spent auto-exploring this place.
 F = Levels seen in this place.
 G = Mean time per level.
                   A        B        C        D        E       F      G
               +--------+--------+--------+--------+--------+-----+--------+
         Total |    327 |    327 |      0 |    208 |      1 |   1 |  327.0 |
       Dungeon |    327 |    327 |      0 |    208 |      1 |   1 |  327.0 |
               +--------+--------+--------+--------+--------+-----+--------+

Top non-repeatable levels by time:
       D: 327 daAuts
